 Dungeon Crawl Stone Soup version 0.31-a0-1074-g0b22e4e0f1 (webtiles) character file.

Game seed: 8061601191700220583

323 wildpjah the Covered (level 6, 0/38 HPs)
             Began as a Tengu Fighter on Dec 1, 2023.
             Was an Initiate of Okawaru.
             Slain by a sleepcap (14 damage)
             ... on level 4 of the Dungeon.
             The game lasted 00:05:50 (2927 turns).

wildpjah the Covered (Tengu Fighter)                Turns: 2927, Time: 00:05:51

Health: 0/38       AC: 13    Str: 16    XL:     6   Next: 47%
Magic:  7/7        EV:  2    Int:  9    God:    Okawaru [......]
Gold:   206        SH:  0    Dex: 15    Spells: 5/5 levels left

rFire   . . .        a - +0 long sword
rCold   . . .        c - +0 buckler
rNeg    . . .        y - +0 plate armour
rPois   .            (helmet restricted)
rElec   .            (no cloak)
rCorr   .            i - +0 pair of gloves
SInv    .            (boots unavailable)
Will    .....        (no amulet) Stlth
                     v - ring of flight
HPRegen 0.26/turn    (no ring)
MPRegen 0.10/turn

%: acrobat
@: sleeping, flying
A: beak, talons 3, acrobatic
a: Renounce Religion


You were on level 4 of the Dungeon.
You worshipped Okawaru.
Okawaru was noncommittal.
You visited 2 branches of the dungeon, and saw 5 of its levels.

You collected 206 gold pieces.

Inventory:

Hand Weapons
 a - a +0 long sword (weapon)
 j - a +0 sling
 w - a +1 whip of distortion
Armour
 c - a +0 buckler (worn)
 i - a +0 pair of gloves (worn)
 y - a +0 plate armour (worn)
Jewellery
 v - a ring of flight (left hand)
Scrolls
 e - 3 scrolls of fog {unknown}
 f - a scroll of fear {unknown}
 h - 2 scrolls of immolation {unknown}
 l - a scroll of acquirement {unknown}
 m - a scroll of noise {unknown}
 o - a scroll of teleportation {unknown}
 p - a scroll of amnesia {unknown}
 r - 2 scrolls of vulnerability {unknown}
 s - a scroll of enchant armour {unknown}
 t - a scroll of blinking {unknown}
Potions
 b - 2 potions of haste {unknown}
 d - a potion of might
 g - a potion of heal wounds {unknown}
 k - 2 potions of ambrosia {unknown}
 n - a potion of enlightenment {unknown}
 u - a potion of curing {unknown}
 x - a potion of magic {unknown}
 z - a potion of brilliance {unknown}


   Skills:
 + Level 3.9 Fighting
 + Level 4.5 Long Blades
 + Level 0.1 Ranged Weapons
 * Level 5.1 Armour
 * Level 2.3 Dodging
 - Level 3.1 Shields


You had 5 spell levels left.
You didn't know any spells.
Your spell library contained the following spells:

 Spells                   Type           Power      Damage    Failure   Level
 Sigil of Binding         Hex            0%         N/A       100%        3
 Dimensional Bullseye     Hex/Tloc       0%         N/A       100%        4
 Leda's Liquefaction      Hex/Erth       0%         N/A       100%        4
 Call Canine Familiar     Summ           Unusable   N/A       N/A         3

Dungeon Overview and Level Annotations

Branches:
Dungeon (4/15)             Temple (1/1) D:4

Altars:
Dithmenos
Elyvilon
Fedhas
Gozag
Kikubaaqudgha
Makhleb
Nemelex Xobeh
Okawaru
Qazlal
Sif Muna
Trog
Uskayaw
Vehumet
Wu Jian
Xom
Yredelemnul
Zin

Shops:
D:1 ?(*!!


Innate Abilities, Weirdness & Mutations

You have a beak for a mouth.
You have claws for feet.
You can magically evade attacks while moving or waiting.


Message History

The iguana is almost dead.
The iguana bites you!
You hit the iguana.
You kill the iguana!
Okawaru accepts your kill.
A sleepcap comes into view.
The sleepcap barely misses you.
You hit the sleepcap but do no damage. You claw the sleepcap.
You peck the sleepcap, but do no damage.
The sleepcap is lightly damaged.
The sleepcap releases spores at you.
You are engulfed in a cloud of soporific spores!
You fall asleep.
The sleepcap releases spores at you!
You wake up.
You are engulfed in a cloud of soporific spores!
You are unaffected.
You hit the sleepcap but do no damage.
You peck the sleepcap, but do no damage.
The sleepcap is lightly damaged.
The sleepcap releases spores at you but does no damage.
You hit the sleepcap but do no damage.
The sleepcap is lightly damaged.
The sleepcap releases spores at you.
You hit the sleepcap. You claw the sleepcap.
You peck the sleepcap, but do no damage.
The sleepcap is lightly damaged.
The sleepcap barely misses you.
You hit the sleepcap but do no damage.
You claw the sleepcap, but do no damage.
The sleepcap is lightly damaged.
The sleepcap releases spores at you.
You are engulfed in a cloud of soporific spores!
You are unaffected.
You hit the sleepcap. You claw the sleepcap!
The sleepcap is severely damaged.
The sleepcap releases spores at you.
You are engulfed in a cloud of soporific spores!
You fall asleep.
The sleepcap releases spores at you!
You die...

#..........#...#.##.
#..........#.#.#.##.
#.........†..#...##.
########+###.#..####
#...# #........# #
##...################
#....... .......
###...f.##### ###...#
#.....@.#...# #.#.#
#.##...##.#.# # #..
#.........#.#####
#.###
###########.....#
#.... #####.# #####
###### ####.#
#....###....#..
#.....##.####.#
#.....##.# .#.


You could see a sleepcap.

Vanquished Creatures
  A scorpion (D:4)
  A hound (D:4)
  Jessica (D:2)
  An iguana (D:4)
  An orc wizard (D:4)
  3 gnolls (D:4)
  2 adders
  4 worms
  2 dart slugs
  6 orcs (D:4)
  7 endoplasms
  11 goblins
  6 hobgoblins
  3 jackals (D:1)
  9 kobolds
  2 quokkas
  11 ball pythons
  5 bats
  4 frilled lizards
  10 rats
90 creatures vanquished.

Notes
Turn   | Place    | Note
-------+----------+-------------------------------------------
     0 | D:1      | wildpjah the Tengu Fighter began the quest for the Orb.
     0 | D:1      | Reached XP level 1. HP: 14/14 MP: 2/2
    51 | D:1      | Found Bixkuden's Weapon Shop.
   176 | D:1      | Reached XP level 2. HP: 19/19 MP: 3/3
   199 | D:1      | Found Wuifiqopt's Distillery.
   347 | D:1      | Found Abbedi's Assorted Antiques.
   442 | D:1      | Found Sesoetuh's Magic Scroll Shoppe.
   448 | D:1      | Reached XP level 3. HP: 23/23 MP: 4/4
   581 | D:1      | Found Mekly's Distillery.
  1050 | D:2      | Noticed Jessica
  1055 | D:2      | Killed Jessica
  1056 | D:2      | Reached skill level 1 in Dodging
  1056 | D:2      | Reached XP level 4. HP: 28/28 MP: 5/5
  1082 | D:2      | Reached skill level 4 in Armour
  1588 | D:3      | Found a faded altar of an unknown god.
  2080 | D:4      | Reached XP level 5. HP: 32/32 MP: 6/6
  2197 | D:4      | Reached XP level 6. HP: 34/38 MP: 7/7
  2317 | D:4      | Found a staircase to the Ecumenical Temple.
  2434 | Temple   | Entered the Ecumenical Temple
  2493 | Temple   | Became a worshipper of Warmaster Okawaru
  2673 | D:4      | Reached skill level 5 in Armour
  2927 | D:4      | Slain by a sleepcap

Illustrated notes

Levels and vault maps discovered:
D:1:      onia_arrival_handbag, layout_basic, serial_shops, shop, shop,
          nicolae_shop_just_a_little_nook, shop, nicolae_shop_industrial_runoff,
          lemuel_flame_loot_1
D:2:      layout_loops_ring, uniq_jessica
D:3:      layout_loops_cross, ebering_ecumenical_altar_sacrificial
D:4:      layout_basic, minmay_temple_entry_butterflies, serial_shops, shop,
          minmay_crystal_water
Temple:   minmay_crystal_spiral_temple

Skill      XL: |  1  2  3  4  5  6 |
---------------+-------------------+-----
Long Blades    | 3 4 |  4.5
Dodging        | 1 2 |  2.3
Armour         | 4 5 |  5.1
Fighting       | |  3.9
Ranged Weapons | |  0.1
Shields        | |  3.1

Action                     |  1- 3 |  4- 6 || total
---------------------------+-------+-------++-------
  Melee: Long sword        |    76 |   120 ||   196
         Kick              |    10 |    42 ||    52
         Peck              |     5 |    15 ||    20
   Fire: Sling             |       |     3 ||     3
    Use: Potion            |       |     1 ||     1
 Armour: Scale mail        |    42 |     6 ||    48
         Chain mail        |       |    43 ||    43
         Plate armour      |       |    32 ||    32
  Dodge: Dodged            |    47 |    59 ||   106
  Block: Buckler           |    15 |    20 ||    35

Table legend: (Time is in decaauts)
 A = Elapsed time spent in this place.
 B = Non-inter-level travel time spent in this place.
 C = Inter-level travel time spent in this place.
 D = Time resting spent in this place.
 E = Time spent auto-exploring this place.
 F = Levels seen in this place.
 G = Mean time per level.
                   A        B        C        D        E       F      G
               +--------+--------+--------+--------+--------+-----+--------+
         Total |   2982 |   2817 |    165 |      0 |   2191 |   5 |  596.4 |
       Dungeon |   2864 |   2815 |     49 |      0 |   2191 |   4 |  716.0 |
        Temple |    118 |      2 |    116 |      0 |      0 |   1 |  118.0 |
               +--------+--------+--------+--------+--------+-----+--------+

Top non-repeatable levels by time:
     D:4: 764 daAuts
     D:2: 740 daAuts
     D:1: 736 daAuts
     D:3: 622 daAuts
  Temple: 118 daAuts
